 Dungeon Crawl Stone Soup version 0.30.0-19-g36f170ea60 (webtiles) character file.

Game seed: 1559789716049744643

102 Josd the Cudgeller (level 4, -3/41 HPs)
             Began as a Minotaur Monk on May 29, 2023.
             Was a Priest of Vehumet.
             Succumbed to a kobold brigand's curare-tipped dart
             ... in a sewer.
             The game lasted 00:12:34 (1879 turns).

Josd the Cudgeller (Minotaur Monk)                  Turns: 1879, Time: 00:12:35

Health: -3/41      AC:  3    Str: 16    XL:     4   Next: 50%
Magic:  13/13      EV: 13    Int:  9    God:    Vehumet [***...]
Gold:   62         SH:  0    Dex: 12    Spells: 3/4 levels left

rFire   . . .        a - +0 mace
rCold   . . .        d - orb {light}
rNeg    . . .        b - +0 robe
rPois   .            (helmet restricted)
rElec   .            f - +0 cloak
rCorr   .            (no gloves)
SInv    .            (no boots)
Will    .....        (no amulet)
Stlth   +            j - ring of magical power
HPRegen 0.26/turn    (no ring)
MPRegen 0.13/turn

%: no passive effects
@: lethally poisoned (-3 -> -16), slowed, glowing, very slow
A: horns 2, retaliatory headbutt
a: Renounce Religion


You were in a sewer.
You worshipped Vehumet.
Vehumet was most pleased with you.
You visited 1 branch of the dungeon, and saw 3 of its levels.
You also visited: Sewer.

You collected 102 gold pieces.
You spent 40 gold pieces at shops.

Inventory:

Hand Weapons
 a - a +0 mace (weapon)
Missiles
 n - 3 datura-tipped darts
Armour
 b - a +0 robe (worn)
 d - an orb of light (worn)
 f - a +0 cloak (worn)
 h - a +0 barding
 m - a +0 pair of boots
Jewellery
 j - a ring of magical power (left hand)
Scrolls
 e - 2 scrolls of magic mapping {unknown}
 g - a scroll of torment {unknown}
 i - a scroll of fear
 k - a scroll of identify {unknown}
 l - a scroll of teleportation {unknown}
 o - a scroll of poison {unknown}


   Skills:
 + Level 4.4 Fighting
 + Level 4.7 Maces & Flails
 + Level 4.2 Dodging
 + Level 0.1 Stealth
 * Level 0.7 Spellcasting


You had 3 spell levels left.
You knew the following spells:

 Your Spells              Type           Power      Damage    Failure   Level
a - Magic Dart            Conj           0%         1d3       11%         1

Your spell library contained the following spells:

 Spells                   Type           Power      Damage    Failure   Level
 Inner Flame              Hex/Fire       0%         N/A       28%         3


Dungeon Overview and Level Annotations

Branches:
Dungeon (3/15)              Sewer (1/1)

Altars:
Vehumet

Shops:
D:2 ??


Innate Abilities, Weirdness & Mutations

You have a pair of horns on your head.
You reflexively headbutt those who attack you in melee.


Message History

The kobold brigand throws a curare-tipped dart.
The curare-tipped dart barely misses you.
You feel your magic capacity increase.
j - a ring of magical power (left hand)
* * * LOW HITPOINT WARNING * * *
You feel sick.
The kobold brigand throws a curare-tipped dart.
The curare-tipped dart hits you.
You are lethally poisoned!
You have difficulty breathing.
* * * LOW HITPOINT WARNING * * *
You feel as though you will be slow longer.
You are confused.
You feel invigorated.
* * * LOW HITPOINT WARNING * * *
You feel very sick.
The kobold brigand throws a curare-tipped dart.
The curare-tipped dart barely misses you.
* * * LOW HITPOINT WARNING * * *
You feel very sick.
The kobold brigand throws a curare-tipped dart.
The curare-tipped dart hits you.
You are more poisoned.
You have difficulty breathing.
* * * LOW HITPOINT WARNING * * *
You feel as though you will be slow longer.
The kobold brigand throws a curare-tipped dart.
The curare-tipped dart misses you.
You enter the shallow water.
Moving in this stuff is going to be slow.
You feel less invigorated.
You feel less confused.
* * * LOW HITPOINT WARNING * * *
You feel very sick.
Aiming: Magic Dart (safe; 11% risk of failure)
Press: ? - help, Q - select action, (/) - cycle Shift-Dir - straight line, f/p - kobold brigand
Aim: a kobold brigand, wielding a +0 dagger and quivering curare-tipped darts (haloed, 100% to hit)
Okay, then.
Why would you want to do that?
You die...

# #∩ ############ ##
##.###......~~..# .##
.......~~.~)~~~.#...#.#
~~~~~~~~~~~≈≈≈~.#....##
≈≈≈≈≈≈≈≈≈≈≈≈≈≈~.K.....#
~~~≈~~~~~~~≈≈≈~~#.....#
...~..~~..~~~~@.# .~..#
######~~.~..~~..# ≈~.#
##~######### .## #)# #
#)# #~# #~# #~# #~#


You could see a kobold brigand.

Vanquished Creatures
  3 adders
  A river rat (Sewer)
  2 worms (D:2)
  6 ball pythons
  6 bats
  6 endoplasms
  3 giant cockroaches
  6 goblins
  2 hobgoblins
  4 jackals
  A quokka (D:1)
  5 frilled lizards
  4 kobolds
  10 rats
59 creatures vanquished.

Notes
Turn   | Place    | Note
-------+----------+-------------------------------------------
     0 | D:1      | Josd the Minotaur Monk began the quest for the Orb.
     0 | D:1      | Reached XP level 1. HP: 19/19 MP: 0/0
   320 | D:1      | Reached XP level 2. HP: 27/27 MP: 1/1
   684 | D:1      | Found a faded altar of an unknown god.
   692 | D:1      | Prayed at the altar of an unknown god.
   692 | D:1      | Became a worshipper of Vehumet
   692 | D:1      | Reached * piety under Vehumet
   692 | D:1      | Offered knowledge of Magic Dart by Vehumet.
   692 | D:1      | Reached ** piety under Vehumet
   699 | D:1      | Learned a level 1 spell: Magic Dart
   825 | D:2      | Offered knowledge of Scorch by Vehumet.
   826 | D:2      | Reached XP level 3. HP: 28/33 MP: 2/2
  1015 | D:2      | Found The Oracle's Delphic Readings.
  1040 | D:2      | Offered knowledge of Momentum Strike by Vehumet.
  1066 | D:2      | Found Pigabbal's Magic Scroll Shop.
  1073 | D:2      | Bought a scroll of fear for 40 gold pieces
  1635 | D:3      | Reached *** piety under Vehumet
  1691 | D:3      | Reached XP level 4. HP: 36/41 MP: 3/3
  1753 | D:3      | Found a glowing drain.
  1779 | Sewer    | Entered a sewer
  1792 | Sewer    | Offered knowledge of Inner Flame by Vehumet.
  1872 | Sewer    | Noticed a kobold brigand
  1875 | Sewer    | HP: 2/41 [asphyx]
  1879 | Sewer    | Succumbed to a kobold brigand's curare-tipped dart

Illustrated notes

Levels and vault maps discovered:
D:1:      dpeg_arrival_windows_large_door, layout_basic, basic_ecumenical_altar,
          minmay_misc_feat_ornament
D:2:      layout_basic, serial_shops, nicolae_diamond_shop,
          nicolae_nh_oracle_at_delphi
D:3:      layout_loops_cross, portal_sewer_entry_c
Sewer:    sewer_kobolds

Skill      XL: |  1  2  3 |
---------------+----------+-----
Maces & Flails | 4 |  4.7
Fighting       | 4 |  4.4
Dodging        | 4 |  4.2
Stealth        | |  0.1
Spellcasting   | |  0.7

Action                     |  1- 3 |  4- 6 || total
---------------------------+-------+-------++-------
  Melee: Mace              |    74 |    20 ||    94
         Headbutt          |    13 |     3 ||    16
   Cast: Magic Dart        |     6 |    17 ||    23
    Use: Potion            |       |     1 ||     1
 Armour: Robe              |    14 |     7 ||    21
  Dodge: Dodged            |    60 |    28 ||    88
